 Dungeon Crawl Stone Soup version 0.20-a0-11-ga97c7b5 (webtiles) character file.

19353 asthiss the Basher (level 13, -7/151 HPs)
             Began as a Human Berserker on Nov 2, 2016.
             Was a High Priest of Trog.
             Killed from afar by a gargoyle (18 damage)
             ... with a stone arrow
             ... on level 14 of the Dungeon.
             The game lasted 01:40:01 (12081 turns).

asthiss the Basher (Human Berserker)               Turns: 12081, Time: 01:40:02

Health: -7/151     AC: 25    Str: 29    XL:     13   Next: 4%
Magic:  13/13      EV: 11    Int:  7    God:    Trog [*****.]
Gold:   530        SH:  4    Dex: 12    Spells: 0 memorised, 12 levels left

rFire  + . .     SeeInvis .     w - +5 flail "Impslayer" {chaos, MR+}
rCold  + . .     Gourm    .     H - +3 plate armour {rC+}
rNeg   . . .     Faith    .     j - +0 buckler
rPois  .         Spirit   .     i - +2 helmet
rElec  .         Reflect  .     (no cloak)
rCorr  .         Harm     .     e - +2 pair of gloves
MR     ++...                    a - +0 pair of boots
Stlth  ..........               l - amulet of regeneration
                                g - ring of protection from fire
                                A - ring of protection from magic

@: berserking, very quick
A: no striking features
a: Berserk, Trog's Hand, Brothers in Arms, Burn Spellbooks, Renounce Religion


You were on level 14 of the Dungeon.
You worshipped Trog.
Trog was extremely pleased with you.
You were not hungry.

You visited 1 branch of the dungeon, and saw 14 of its levels.

You collected 530 gold pieces.

Inventory:

Hand Weapons
 m - a +2 mace of draining
 w - the +5 flail "Impslayer" (weapon) {chaos, MR+}
   (You found it on level 8 of the Dungeon)

   Each time it hits an enemy it has a different, random effect.
   It affects your resistance to hostile enchantments.
 D - a +2 mace of holy wrath
 G - a +10 fustibalus
Missiles
 s - 15 tomahawks (quivered)
Armour
 a - a +0 pair of boots (worn)
 e - a +2 pair of gloves (worn)
 i - a +2 helmet (worn)
 j - a +0 buckler (worn)
 H - a +3 plate armour of cold resistance (worn)
Jewellery
 b - a +1 ring of protection
 g - a ring of protection from fire (right hand)
 h - an uncursed ring of protection from cold
 l - an amulet of regeneration (around neck)
 o - a +4 amulet of reflection {unknown}
 r - a +3 ring of slaying
 t - an uncursed ring of teleportation
 A - a ring of protection from magic (left hand)
 E - an uncursed ring of ice
 P - the amulet "Qoesam" {Harm *Drain rPois Slay+3, unknown}
   (You found it on level 12 of the Dungeon)

   [amulet of harm]

   It increases damage dealt and taken.
   It affects your accuracy and damage with ranged weapons and melee attacks
   (+3).
   It protects you from poison.
   It causes draining when unequipped.
Scrolls
 d - a scroll of recharging
 q - 4 scrolls of remove curse
 v - 2 scrolls of teleportation
 J - a scroll of magic mapping
 K - a scroll of blinking
Potions
 n - a potion of curing
 p - a potion of flight
 u - 4 potions of invisibility
 x - a potion of brilliance
 z - a potion of haste
 C - a potion of agility
 F - a potion of might {unknown}
 L - a potion of resistance {unknown}
 O - 2 potions of berserk rage
Comestibles
 c - 5 fruits
 f - 3 slices of pizza
 k - 6 meat rations


   Skills:
 + Level 9.4 Fighting
 + Level 13.3 Maces & Flails
 + Level 9.8 Armour
 * Level 8.3 Dodging
 + Level 3.5 Stealth
 + Level 2.1 Shields


You had 12 spell levels left.
You didn't know any spells.

Dungeon Overview and Level Annotations

Branches:
Dungeon (15/15)            Temple (0/1) D:5            Lair (0/6) D:11
    Orc (0/2) D:10
 Vaults: D:13-14     Depths: D:15

Altars:
Ashenzari
Gozag
Makhleb
Nemelex Xobeh
Uskayaw
Yredelemnul


Message History

The gargoyle is lightly damaged.
You sock the gargoyle! You burn the gargoyle.
The gargoyle is heavily damaged.
The gargoyle hurls a stone arrow at you.
The stone arrow hits you!
* * * LOW HITPOINT WARNING * * *
You hit the gargoyle.
The gargoyle is heavily damaged.
The gargoyle hits you but does no damage.
You barely miss the gargoyle.
The gargoyle is heavily damaged.
A red film seems to cover your vision as you go berserk!
You feel yourself moving faster!
You feel mighty!
You feel a lot more hungry.
The gargoyle hurls a stone arrow at you.
The stone arrow misses you.
Your plate armour prevents you from hitting the gargoyle.
The gargoyle is heavily damaged.
The gargoyle hurls a stone arrow at you.
The stone arrow hits you!
You die...

###.#####
.......@#
.......9.......
........###....
........# ..
........#
##.###### #. .


You could see a gargoyle.

Vanquished Creatures
  Josephine (D:10)
  Fannar (D:10)
  Erica (D:10)
  The ghost of Gagarin the Thaumaturge, a journeyman HEWz of Sif Muna (D:10)
  The ghost of azzavlup the Envoy of Void, a novice DsAK of Lugonu (D:8)
  5 hill giants
  A wolf spider zombie (D:15)
  2 ugly things (D:11)
  Joseph (D:8)
  A gargoyle (D:10)
  2 trolls
  A two-headed ogre (D:15)
  2 hippogriffs
  2 hornets
  Sigmund (D:2)
  A vampire (D:15)
  4 wraiths (D:10)
  3 yaks (D:10)
  A hungry ghost (D:7)
  Grum (D:8)
  2 mottled dragons
  A warg (D:10)
  2 soldier ants (D:11)
  2 water moccasins
  6 orc warriors
  4 ice beasts
  A sky beast (D:5)
  A necrophage (D:5)
  3 phantoms
  2 eyes of draining
  4 ogres
  4 wolves (D:8)
  2 centaurs
  2 crocodiles
  7 bullfrogs
  A big kobold (D:12)
  2 gnoll sergeants (D:10)
  A wyvern zombie (D:7)
  A water moccasin zombie (D:9)
  A scorpion (D:5)
  16 killer bees
  11 wights
  2 howler monkeys (D:9)
  A bullfrog skeleton (D:7)
  A bullfrog zombie (D:12)
  A centaur zombie (D:5)
  3 hounds (D:7)
  A jelly (D:7)
  12 orc wizards
  6 orc priests
  An iron imp (D:10)
  5 iguanas
  Natasha (thrice) (D:3)
  14 worker ants
  A hound skeleton (D:10)
  A howler monkey skeleton (D:4)
  7 adders
  9 gnolls
  2 shadow imps
  2 oozes
  3 dart slugs
  6 leopard geckos
  27 orcs
  A ball python (D:3)
  13 giant cockroaches
  4 goblins
  9 hobgoblins
  3 jackals (D:3)
  10 kobolds
  13 quokkas
  8 bats
  7 frilled lizards
  A jackal skeleton (D:4)
  2 quokka zombies (D:5)
  4 rats
  A spectral orc (D:6)
  2 butterflies (D:11)
295 creatures vanquished.

Vanquished Creatures (collateral kills)
  A centaur warrior (D:15)
  2 hill giants
  A cyclops (D:11)
  An ugly thing (D:12)
  7 yaks
  An ice beast (D:11)
  2 orc warriors (D:10)
  An ogre (D:10)
  A centaur (D:9)
  A crimson imp (D:11)
  A hound (D:9)
  An orc priest (D:11)
  An orc wizard (D:10)
  A worker ant (D:9)
  5 orcs
27 creatures vanquished.

Grand Total: 322 creatures vanquished

Notes
Turn   | Place    | Note
-------+----------+-------------------------------------------
     0 | D:1      | asthiss the Human Berserker began the quest for the Orb.
     0 | D:1      | Reached XP level 1. HP: 18/18 MP: 1/1
   343 | D:1      | Reached XP level 2. HP: 14/24 MP: 2/2
  1236 | D:1      | Reached XP level 3. HP: 26/29 MP: 3/3
  2370 | D:2      | Noticed Sigmund
  2395 | D:2      | Killed Sigmund
  2395 | D:2      | Reached skill level 4 in Maces & Flails
  2395 | D:2      | Reached skill level 1 in Stealth
  2395 | D:2      | Reached XP level 4. HP: 27/36 MP: 4/4
  2395 | D:2      | Reached XP level 5. HP: 31/41 MP: 5/5
  2395 | D:2      | Reached XP level 6. HP: 36/47 MP: 6/6
  2399 | D:2      | Reached ** piety under Trog
  3077 | D:3      | Noticed Natasha
  3089 | D:3      | Killed Natasha
  3089 | D:3      | Reached skill level 5 in Maces & Flails
  3332 | D:3      | Noticed Natasha
  3340 | D:3      | Killed Natasha
  3414 | D:3      | Noticed Natasha
  3421 | D:3      | Killed Natasha
  3592 | D:3      | Found a shattered altar of Ashenzari.
  3594 | D:3      | Found a sparkling altar of Nemelex Xobeh.
  3595 | D:3      | Found an opulent altar of Gozag.
  3596 | D:3      | Found a hide-covered altar of Uskayaw.
  3985 | D:4      | Reached XP level 7. HP: 41/53 MP: 7/7
  4073 | D:4      | Reached *** piety under Trog
  4434 | D:5      | Entered Level 5 of the Dungeon
  4612 | D:5      | Reached skill level 6 in Maces & Flails
  4646 | D:5      | Reached XP level 8. HP: 58/59 MP: 8/8
  5074 | D:5      | Found a staircase to the Ecumenical Temple.
  5324 | D:6      | Found a basalt altar of Yredelemnul.
  5437 | D:6      | Reached skill level 7 in Maces & Flails
  5542 | D:6      | Reached **** piety under Trog
  5976 | D:7      | Reached skill level 8 in Maces & Flails
  5976 | D:7      | Reached XP level 9. HP: 63/66 MP: 9/9
  6036 | D:7      | Reached skill level 5 in Fighting
  6336 | D:7      | Reached skill level 5 in Armour
  6791 | D:8      | Found a burning altar of Makhleb.
  6791 | D:8      | Noticed a blizzard demon
  6816 | D:8      | Reached skill level 9 in Maces & Flails
  7037 | D:8      | Noticed Grum
  7056 | D:8      | Killed Grum
  7056 | D:8      | Reached XP level 10. HP: 46/77 MP: 10/10
  7071 | D:8      | Reached ***** piety under Trog
  7245 | D:8      | Noticed Joseph
  7270 | D:8      | Killed Joseph
  7270 | D:8      | Reached skill level 10 in Maces & Flails
  7287 | D:8      | Got a shimmering flail
  7288 | D:8      | Identified the +5 flail "Impslayer" {chaos, MR+} (You found it on level 8 of the Dungeon)
  7573 | D:8      | Noticed azzavlup's ghost (novice DsAK)
  7597 | D:8      | Killed azzavlup's ghost
  7722 | D:9      | Paralysed by something for 1 turns
  8306 | D:9      | Reached skill level 11 in Maces & Flails
  8372 | D:10     | Entered Level 10 of the Dungeon
  8514 | D:10     | Noticed a hill giant
  8523 | D:10     | HP: 5/118 [something (23)]
  8525 | D:10     | Killed a hill giant
  8525 | D:10     | Reached skill level 5 in Dodging
  8525 | D:10     | Reached XP level 11. HP: 6/85 MP: 11/11
  8848 | D:10     | Noticed Gagarin's ghost (journeyman HEWz)
  8860 | D:10     | Killed Gagarin's ghost
  8998 | D:10     | Received a gift from Trog
  9028 | D:10     | Found a staircase to the Orcish Mines.
  9126 | D:10     | Noticed Erica
  9134 | D:10     | Killed Erica
  9134 | D:10     | Reached skill level 12 in Maces & Flails
  9146 | D:10     | Noticed Fannar
  9157 | D:10     | Noticed Josephine
  9194 | D:10     | Killed Josephine
  9466 | D:10     | Killed Fannar
  9473 | D:10     | Reached XP level 12. HP: 56/94 MP: 12/12
 10273 | D:11     | Found a runed door.
 10280 | D:11     | Found a runed door.
 10643 | D:11     | Paralysed by a hornet for 2 turns
 10699 | D:11     | Found a staircase to the Lair.
 10706 | D:11     | Reached skill level 1 in Shields
 11443 | D:12     | Reached skill level 13 in Maces & Flails
 11562 | D:12     | Got a smoking ruby amulet
 11823 | D:12     | You fall through a shaft for 3 floors!
 11823 | D:15     | Entered Level 15 of the Dungeon
 11823 | D:15     | Noticed a centaur warrior
 11825 | D:15     | Noticed an ettin
 11827 | D:15     | Noticed a deep troll
 11833 | D:15     | Killed a centaur warrior
 11843 | D:15     | Noticed an ogre mage
 11908 | D:15     | Noticed an ogre mage
 11954 | D:15     | Reached XP level 13. HP: 33/101 MP: 13/13
 12081 | D:14     | Killed from afar by a gargoyle

Vault maps used:
D:1:      kilobyte_arrival_exit_the_forest, serial_forest,
          infiniplex_forest_clump_double, infiniplex_forest_clump_cross,
          infiniplex_forest_straight_2, infiniplex_forest_straight_5,
          infiniplex_forest_end_3, serial_park_tiny_pond
D:2:      uniq_sigmund
D:3:      minitemple, first_bread, hangedman_decor_diamond_cutter, uniq_natasha
D:6:      yredelemnul_forgotten_temple_becter
D:8:      makhleb_altar_promises_db, uniq_joseph, uniq_grum
D:10:     erik_orc_3, uniq_josephine, uniq_fannar, uniq_erica
D:11:     lemuel_insect_pit, lair_0_dummy
D:12:     uniq_nessos
D:14:     eino_curves_03, serial_shops, shop
D:15:     hangedman_depths_entry_civil_slaughter

Skill      XL: |  1  2  3  4  5  6  7  8  9 10 11 12 |
---------------+-------------------------------------+-----
Maces & Flails | 4 5 6 8 9 11 12 13 | 13.3
Dodging        | 3 4 5 6 8 |  8.3
Stealth        | 1 2 3 |  3.5
Armour         | 3 4 5 7 8 9 |  9.8
Fighting       | 4 6 7 8 9 |  9.4
Shields        | 2 |  2.1

Action                   |  1- 3 |  4- 6 |  7- 9 | 10-12 | 13-15 || total
-------------------------+-------+-------+-------+-------+-------++-------
Melee: Mace              |   120 |   111 |   442 |    59 |       ||   732
       Flail             |       |       |       |   588 |    25 ||   613
Invok: Berserk           |     1 |     1 |     4 |     8 |     1 ||    15
       Burn Spellbooks   |       |       |     1 |     1 |       ||     2
       Brothers in Arms  |       |       |       |     8 |       ||     8
  Use: Scroll            |     3 |     6 |    13 |    14 |       ||    36
       Potion            |     3 |     1 |     3 |     6 |     3 ||    16
 Stab: Sleeping          |     1 |       |       |       |       ||     1
       Confused          |       |       |       |     2 |       ||     2
       Paralysed         |       |       |       |     2 |       ||     2
       Petrifying        |       |       |       |     1 |       ||     1
  Eat: Chunk             |     2 |     4 |    11 |     9 |       ||    26
       Bread ration      |     1 |       |       |     3 |       ||     4
       Pizza             |       |     1 |       |       |       ||     1
       Fruit             |       |       |     1 |     2 |       ||     3
       Meat ration       |       |       |     1 |     1 |       ||     2
       Beef jerky        |       |       |       |     1 |       ||     1
Armor: Robe              |    44 |       |       |       |       ||    44
       Animal skin       |     1 |       |       |       |       ||     1
       Scale mail        |     2 |    58 |   151 |       |       ||   211
       Plate armour      |       |       |    79 |   500 |     8 ||   587
Dodge: Dodged            |   121 |    72 |   186 |   278 |     4 ||   661
Block: Buckler           |       |       |       |    58 |     1 ||    59
